 Dungeon Crawl Stone Soup version 0.26.1-10-gdfb7c7de75 (webtiles) character file.

Game seed: 17157953078233747460

800 Electrofox the Cleaver (level 7, 0/57 HPs)
             Began as a Minotaur Fighter on Apr 8, 2021.
             Blown up by an orc wizard (11 damage)
             ... with a disintegration bolt
             ... on level 4 of the Dungeon.
             The game lasted 00:16:11 (4170 turns).

Electrofox the Cleaver (Minotaur Fighter)           Turns: 4170, Time: 00:16:12

Health: 0/57       AC:  6    Str: 21    XL:     7   Next: 59%
Magic:  6/6        EV:  7    Int:  7    God:
Gold:   125        SH:  9    Dex:  9    Spells: 6/6 levels left

rFire    . . .     SeeInvis .   a - +0 war axe
rCold    . . .     Faith    .   c - +0 kite shield
rNeg     . . .     Spirit   .   l - +0 scale mail
rPois    .         Reflect  .   (helmet restricted)
rElec    .         Harm     .   (no cloak)
rCorr    .         Rampage  .   (no gloves)
Will     .....                  (no boots)
Stlth    ..........             (no amulet)
HPRegen  0.19/turn              (no ring)
MPRegen  0.10/turn              (no ring)

@: no status effects
A: retaliatory headbutt, horns 2
a: no special abilities


You were on level 4 of the Dungeon.
You visited 1 branch of the dungeon, and saw 4 of its levels.

You collected 125 gold pieces.

Inventory:

Hand Weapons
 a - a +0 war axe (weapon)
 b - a +0 hunting sling
Missiles
 o - 6 poisoned darts (quivered)
 v - 23 sling bullets
Armour
 c - a +0 kite shield (worn)
 l - a +0 scale mail (worn)
 t - a +0 chain mail
 F - a +4 plate armour
Jewellery
 m - an uncursed amulet of magic regeneration {unknown}
 n - an uncursed amulet of regeneration {unknown}
 D - an uncursed ring of willpower {unknown}
Wands
 C - a wand of acid (9)
Scrolls
 e - 2 scrolls of immolation {unknown}
 f - 6 scrolls of identify {unknown}
 g - 2 scrolls of fog {unknown}
 s - 2 scrolls of enchant armour {unknown}
 u - a scroll of magic mapping {unknown}
 w - a scroll of blinking {unknown}
 x - a scroll of fear {unknown}
 y - 2 scrolls of teleportation {unknown}
 z - a scroll of remove curse {unknown}
 E - a scroll of amnesia {unknown}
Potions
 d - a potion of might
 h - 4 potions of attraction {unknown}
 i - a potion of magic {unknown}
 j - a potion of resistance {unknown}
 k - a potion of flight {unknown}
 p - 2 potions of mutation {unknown}
 q - a potion of curing
 r - 2 potions of heal wounds {unknown}
 A - a potion of invisibility {unknown}
 B - a potion of lignification {unknown}


   Skills:
 - Level 3.6 Fighting
 + Level 10.4 Axes
 - Level 3.6 Armour
 - Level 3.6 Shields


You had 6 spell levels left.
You didn't know any spells.
Your spell library contained the following spells:

 Spells                   Type           Power        Failure   Level
 Animate Skeleton         Necr           0%           99%         1
 Pain                     Necr           0%           99%         1
 Vampiric Draining        Necr           0%           100%        3
 Animate Dead             Necr           0%           100%        4
 Agony                    Necr           0%           100%        5


Dungeon Overview and Level Annotations

Branches:
Dungeon (4/15)
 Temple: D:4-7

Altars:
Dithmenos
Fedhas
Hepliaklqana
Kikubaaqudgha
Sif Muna

Shops:
D:4 (!


Innate Abilities, Weirdness & Mutations

You reflexively headbutt those who attack you in melee.
You have a pair of horns on your head.


Message History

Deactivating autopickup; reactivate with Ctrl-A.
The orc priest mumbles some strange prayers to Beogh against you.
You struggle to resist.
You hit the orc priest but do no damage.
The orc priest is almost dead.
The orc priest invokes the aid of Beogh against you.
Beogh smites you!
You hit the orc priest but do no damage.
The orc priest is almost dead.
The orc priest hits you with a +0 mace.
* * * LOW HITPOINT WARNING * * *
You barely miss the orc priest.
The orc priest is almost dead.
The orc priest hits you with a +0 mace.
* * * LOW HITPOINT WARNING * * *
You slash the orc priest!
You kill the orc priest!
You hear a zap.
You are blasted!
You die...

############## #######
#............# ......#
##########.##########.#
#####.# #..........# #.# #
#.#####.########.## #.#
##.).........@..)..# ### #.#
#..............#####.......#
#.# #.#########.##.#
#..####.# #.# #.##.# #..#
#.# #.# ..##.#####..# #.#
#.# #####....##.o# #.# #.#
####.##..####.####.#
#.##............#
#.###.####.######


There were no monsters in sight!

Vanquished Creatures
  Sigmund (D:3)
  A phantom (D:4)
  An ogre (D:4)
  A centaur (D:4)
  2 howler monkeys
  2 orc priests (D:4)
  Jessica (D:3)
  An iguana (D:4)
  2 worker ants (D:4)
  3 gnolls (D:2)
  3 adders
  An ooze (D:4)
  4 worms
  2 dart slugs
  2 leopard geckos
  5 orcs (D:3)
  4 giant cockroaches
  10 goblins
  4 hobgoblins
  6 jackals
  3 quokkas
  6 bats
  3 frilled lizards
  8 kobolds
  17 rats
93 creatures vanquished.

Vanquished Creatures (others)
  A plant (D:3)
1 creature vanquished.

Grand Total: 94 creatures vanquished

Notes
Turn   | Place    | Note
-------+----------+-------------------------------------------
     0 | D:1      | Electrofox the Minotaur Fighter began the quest for the
                  | Orb.
     0 | D:1      | Reached XP level 1. HP: 19/19 MP: 0/0
   125 | D:1      | Reached skill level 3 in Axes
   183 | D:1      | Reached XP level 2. HP: 26/26 MP: 1/1
   371 | D:1      | Reached skill level 4 in Axes
   572 | D:2      | Reached XP level 3. HP: 30/31 MP: 2/2
   606 | D:2      | Found a shadowy altar of Dithmenos.
  1044 | D:2      | Reached skill level 5 in Axes
  1155 | D:2      | Reached XP level 4. HP: 14/39 MP: 3/3
  1276 | D:2      | Reached skill level 6 in Axes
  1840 | D:2      | Reached XP level 5. HP: 45/45 MP: 4/4
  2147 | D:3      | Found an ancient bone altar of Kikubaaqudgha.
  2354 | D:3      | Noticed Sigmund
  2651 | D:3      | Killed Sigmund
  2652 | D:3      | Reached skill level 8 in Axes
  2652 | D:3      | Reached XP level 6. HP: 29/51 MP: 5/5
  2854 | D:3      | Found a shimmering blue altar of Sif Muna.
  2854 | D:3      | Found a blossoming altar of Fedhas.
  2929 | D:3      | Noticed Jessica
  2935 | D:3      | Killed Jessica
  3446 | D:4      | Reached skill level 9 in Axes
  3449 | D:4      | Found a hazy altar of Hepliaklqana.
  3464 | D:4      | Found Maisoaz's Weapon Shop.
  3560 | D:4      | Reached XP level 7. HP: 32/57 MP: 6/6
  3947 | D:4      | Found Jiudghokh's Distillery.
  3977 | D:4      | Reached skill level 10 in Axes
  4170 | D:4      | Blown up by an orc wizard

Illustrated notes

Levels and vault maps discovered:
D:1:      zelgadis_glass_arrival_small, layout_rooms
D:2:      layout_basic, grunt_dithmenos_smoke_and_mirrors
D:3:      layout_basic, gammafunk_temple_overflow_elements,
          kiku_gazebo_pond_becter, serial_bayou_ford_a, uniq_jessica,
          uniq_sigmund
D:4:      layout_loops_ring, kennysheep_mini, nicolae_ru_awakened_eye,
          elyvilon_altar_3, serial_shops,
          nicolae_shop_temple_entry_statues_fountains, shop,
          nicolae_shop_behind_doors, hangedman_abyss_or_decor_slice

Skill      XL: |  1  2  3  4  5  6  7 |
---------------+----------------------+-----
Axes           | 3 4 5 6 8 9 10 | 10.4
Fighting       | |  3.6
Armour         | |  3.6
Shields        | |  3.6

Action                   |  1- 3 |  4- 6 |  7- 9 || total
-------------------------+-------+-------+-------++-------
Melee: War axe           |    92 |   120 |    48 ||   260
       Headbutt          |    12 |    12 |     9 ||    33
 Fire: Hunting sling     |     1 |    36 |       ||    37
Throw: Dart              |       |       |     7 ||     7
Armor: Scale mail        |    46 |    30 |    11 ||    87
Dodge: Dodged            |    42 |    35 |     6 ||    83
Block: Kite shield       |    56 |    42 |    10 ||   108
